Unix NetHack Version 5.0.0-0 post-release - last build Jun 10 2026 00:39:30 (3ee93aec679c4c4259841fe613dc97188e26a321,branch:main).

Game began 2026-07-09 00:32:56, ended 2026-07-09 07:35:05.

JohnDarcy, neutral male human Tourist

                                              -------------
                        ---------            |............|
 -------------          |.......|            |............|    -----
 |...........|          |.......|            |...........[|    |...|
 |....%.....^.#         |.......| ###########.............|  ##...$|
 |....<.....%|#         |.......-##          |......>.....|    |.D.-#
 -------------#         |.......|            -----------|--    -c---##
              ##        ----%----                       #       *    #
               #            #                           ###     #    #  ---
               #            #                             #     #    # --.--
               #            ###$#                         #     #    #--...--
               #                #                         ##    #    #......|
               ######           #                          ######     --...--
                    ##          #                              ###     --.--
                     # ---------.-----                      ---.-.-     ---
                     # |..........$..|                      |.....|
                     ##..............|                      |.....|
                       |.............|                     #......|
                       ---------------                      -------

JohnDarcy the Silver Dragon  St:18/** Dx:8 Co:18 In:11 Wi:9 Ch:15  Neutral
Dlvl:11 $:0  HP:0(102) Pw:43(43) AC:-1 HD:15 T:11818  Fly

Latest messages:
 The leprechaun hits!
 You hit the leprechaun!
 The leprechaun misses!
 You hit the leprechaun!
 The leprechaun misses!
 You hit the leprechaun!
 The leprechaun misses!
 You hit the leprechaun!
 You hit the leprechaun!
 The leprechaun misses!
 You hit the leprechaun!
 The leprechaun hits!
 You kill the leprechaun!
 The door resists!
 The door resists!
 The door opens.
 You see here a scroll labeled MAPIRO MAHAMA DIROMAT.
 You hit the leprechaun!
 You hit the leprechaun!
 You kill the leprechaun!
 You see here a scroll labeled MAPIRO MAHAMA DIROMAT.
 You have a little trouble lifting a scroll labeled MAPIRO MAHAMA DIROMAT.  Continue? [ynq] (q) y
 You have a little trouble lifting d - a scroll labeled MAPIRO MAHAMA DIROMAT.
 Your movements are slowed slightly because of your load.
 The door resists!
 The door resists!
 The door opens.
 You step onto a polymorph trap!
 You feel a change coming over you.
 Your silver scale mail reverts to scales as you merge with them.
 You turn into a silver dragon!
 The clasp on your robe breaks open!
 Your movements are now unencumbered.
 Your shirt rips to shreds!
 Your helm falls to the floor!
 Your boots are pushed off your feet!
 You feel yourself slow down.
 You find you must drop your dagger!
 Use the command #monster to use your breath weapon.
 s - an uncursed runed dagger named Sting.
 N - a +0 hard hat.
 G - a +0 pair of speed boots.
 y - a +0 robe.
 You bite the cockatrice.
 You turn to stone...
 Do you want your possessions identified? [ynq] (y) y
 Do you want to see your attributes? [ynq] (y) y
 Do you want an account of creatures vanquished? [ynaq] (y) y
 Do you want to see your conduct and achievements? [ynq] (y) y
 Do you want to see the dungeon overview? [ynq] (y) y

Inventory:
 Amulets  ('"')
  t - a cursed amulet of change
  Q - an uncursed amulet of reflection
 Weapons  (')')
  a - a +2 dart (at the ready)
  s - the +0 Sting
 Armor    ('[')
  N - an uncursed +0 dwarvish iron helm
  u - an uncursed +0 pair of leather gloves
  D - an uncursed +0 pair of elven boots
  G - a blessed +0 pair of speed boots
  x - an uncursed +0 pair of water walking boots
  O - a blessed +0 dwarvish roundshield
  y - an uncursed +0 robe
  R - a blessed +3 set of silver dragon scales (embedded in your skin)
 Comestibles  ('%')
  b - 10 uncursed food rations
  z - an uncursed tripe ration
 Scrolls  ('?')
  Y - 4 blessed scrolls of blank paper
  X - 2 uncursed scrolls of blank paper
  j - an uncursed scroll of confuse monster
  E - an uncursed scroll of create monster
  n - a blessed scroll of earth
  v - 2 uncursed scrolls of food detection
  d - a cursed scroll of light
  h - an uncursed scroll of magic mapping
  w - an uncursed scroll of punishment
  Z - an uncursed scroll of remove curse
  S - an uncursed scroll of teleportation
 Potions  ('!')
  l - 2 uncursed potions of enlightenment
  P - an uncursed potion of extra healing
  H - an uncursed potion of gain energy
  p - an uncursed potion of hallucination
  I - an uncursed potion of invisibility
  K - an uncursed potion of levitation
  o - a blessed potion of sleeping
  W - an uncursed potion of sleeping
  m - 4 uncursed potions of water
 Rings    ('=')
  r - an uncursed ring of conflict
  L - an uncursed ring of poison resistance
  U - an uncursed ring of slow digestion
  f - an uncursed ring of sustain ability
 Wands    ('/')
  e - a cursed wand of lightning (0:0)
  C - a wand of magic missile (0:1)
  g - a wand of secret door detection (0:12)
  T - a wand of sleep (0:3)
  q - a wand of striking (0:0)
  B - a wand of undead turning (0:5)
  M - a wand of undead turning (0:4)
 Tools    ('(')
  k - an uncursed credit card
  c - an expensive camera (0:52)
  F - an uncursed mirror
  J - an uncursed oil lamp (lit)
  V - an uncursed stethoscope
  A - an uncursed towel

JohnDarcy the Tourist's attributes:

Background:
 You were in male silver dragon form.
 You were actually an Excursionist, a level 9 male human Tourist.
 You were neutral, on a mission for The Lady
 who was opposed by Blind Io (lawful) and Offler (chaotic).
 You were normally right-handed.
 You were in the Dungeons of Doom, on level 11.
 You entered the dungeon 11818 turns ago.

Basics:
 You had 0 out of 102 hit points.
 You had all 43 energy points (spell power).
 You had 15 hit dice.
 Your armor class was -1.
 Your wallet was empty.
 Autopickup was off.

Final Characteristics:
 Your strength was 18/100.
 Your dexterity was 8.
 Your constitution was 18.
 Your intelligence was 11.
 Your wisdom was 9.
 Your charisma was 15.

Final Status:
 You were transformed.
 You were flying.
 You weren't hungry.
 You were unencumbered.
 You weren't wielding anything.
 You were unskilled in bare handed combat.
 You weren't wearing any armor.

Final Attributes:
 You were piously aligned.
 You were cold resistant.
 You saw invisible.
 You were telepathic.
 You were polymorphed into a silver dragon.
 You had reflection.
 You were unlucky.
 You are dead.

Miscellaneous:
 You didn't encounter any bones levels.
 Total elapsed playing time was 3 hours, 56 minutes and 47 seconds.

Major events:
 Turn
    1: JohnDarcy the neutral male human Tourist entered the dungeon
  721: entered the Gnomish Mines
  758: attained the rank of Sightseer (level 3)
  861: reached Mine Town
 2287: attained the rank of Excursionist (level 6)
 4066: entered Sokoban
 4406: completed 1st Sokoban level
 4633: completed 2nd Sokoban level
 5005: completed 3rd Sokoban level
 5128: chose a runed dagger to be named "Sting"
 5177: made his first wish - "blessed +3 silver dragon scale mail", got "a silver dragon scale mail"
10523: completed 4th Sokoban level
10729: acquired the Sokoban amulet of reflection
11818: petrified by a cockatrice

You didn't know any spells.

Skills:
 Fighting Skills
   bare handed combat [Unskilled]
   two weapon combat  [Unskilled]
   riding             [Unskilled]
 Weapon Skills
   dagger             [Skilled]
   knife              [Unskilled]
   axe                [Unskilled]
   pick-axe           [Unskilled]
   short sword        [Unskilled]
   broadsword         [Unskilled]
   long sword         [Unskilled]
   two-handed sword   [Unskilled]
   saber              [Unskilled]
   mace               [Unskilled]
   morning star       [Unskilled]
   flail              [Unskilled]
   hammer             [Unskilled]
   quarterstaff       [Unskilled]
   polearms           [Unskilled]
   spear              [Unskilled]
   trident            [Unskilled]
   lance              [Unskilled]
   bow                [Unskilled]
   sling              [Unskilled]
   crossbow           [Unskilled]
   dart               [Basic]
   shuriken           [Unskilled]
   boomerang          [Unskilled]
   whip               [Unskilled]
   unicorn horn       [Unskilled]
 Spellcasting Skills
   divination spells  [Unskilled]
   enchantment spells [Unskilled]
   escape spells      [Unskilled]

Voluntary challenges:
 Character rerolling was not enabled.
 You never genocided any monsters.
 You never polymorphed an object.
 You used 1 wish.
 You did not wish for any artifacts.
 You violated the special Sokoban rules 4 times.
Achievements:
 You entered a shop.
 You entered the Gnomish Mines.
 You attained the rank of Sightseer.
 You entered Minetown.
 You attained the rank of Excursionist.
 You entered Sokoban.
 You completed Sokoban.

 The Dungeons of Doom: levels 1 to 11
    Level 1:
    Level 2:
       A general store, a fountain, a sink.
       Stairs down to The Gnomish Mines.
    Level 3:
       An armor shop, a sink.
    Level 4:
       A fountain, a sink.
    Level 5:
       A potion shop.
    Level 6:
       A general store, a fountain.
    Level 7:
    Level 8:
       Many fountains.
       Oracle of Delphi.
    Level 9:
       Stairs up to Sokoban, level 8.
    Level 10:
    Level 11: <- You were here.
       Final resting place for
          you, petrified by a cockatrice.
 The Gnomish Mines: levels 3 to 5
    Level 3:
    Level 4:
    Level 5:
       An altar, some fountains.
 Sokoban: levels 8 up to 5
    Level 5:
       Solved.
    Level 6:
       Solved.
    Level 7:
       Solved.
    Level 8:
       Solved.


Vanquished creatures:
  2 giant mimics
  a wumpus
  a stalker
 an elf-noble
  2 wargs
  a winter wolf
  5 small mimics
 an ettin mummy
  a quantum mechanic
  a wood golem
  2 large cats
  a dwarf ruler
  a tengu
  a leocrotta
  a human mummy
  a wraith
  a chameleon
  a giant beetle
  2 quivering blobs
  a wolf
  2 winter wolf cubs
  a gremlin
 17 leprechauns
  3 orc-captains
 an iron piercer
  2 giant spiders
  a horse
 an ice vortex
  a black light
  a vampire bat
  a forest centaur
  a dwarf mummy
 an ogre
  2 owlbears
  a yeti
  2 gold golems
  4 Green-elves
  a lizard
  a dingo
  a dog
  a housecat
  2 jaguars
  a white unicorn
  a black unicorn
  a dust vortex
  3 gnome mummies
  a snake
  2 apes
  2 rope golems
  2 Woodland-elves
  2 imps
  2 wood nymphs
  4 Uruk-hai
  4 orc shamans
  a rock piercer
  a rock mole
  a pony
  8 yellow lights
  a shrieker
  a violet fungus
  3 gnome leaders
  a kobold mummy
  a black naga hatchling
  a gray ooze
  2 elf zombies
  a ghoul
  a paper golem
  6 giant ants
  a little dog
  2 floating eyes
  7 dwarves
  a kobold leader
  3 kobold shamans
 19 hill orcs
  a rothe
  2 centipedes
  4 giant bats
 10 orc zombies
  a wererat
  2 werejackals
  5 iguanas
 11 killer bees
  2 acid blobs
  6 coyotes
  2 gas spores
  3 hobbits
  6 manes
  a large kobold
  a hobgoblin
  3 giant rats
  3 cave spiders
  a yellow mold
  a green mold
  2 red molds
 18 gnomes
  2 garter snakes
  4 geckos
  5 jackals
  a fox
  a kobold
  2 goblins
  a sewer rat
 11 grid bugs
  3 bats
  2 lichens
  2 kobold zombies
  7 newts
289 creatures vanquished.

No species were genocided or became extinct.

Game over:
                       ----------
                      /          \
                     /    REST    \
                    /      IN      \
                   /     PEACE      \
                  /                  \
                  |    JohnDarcy     |
                  |       0 Au       |
                  |  petrified by a  |
                  |    cockatrice    |
                  |                  |
                  |                  |
                  |       2026       |
                 *|     *  *  *      | *
        _________)/\\_//(\/(/\)/\//\/|_)_______

Aloha JohnDarcy the Tourist...

You turned to stone in The Dungeons of Doom on dungeon level 11 with 19610 points,
and 0 pieces of gold, after 11818 moves.
You were level 9 with a maximum of 76 hit points when you turned to stone.

